 Dungeon Crawl Stone Soup version 0.32-a0-468-g38b2580584 (webtiles) character file.

Game seed: 3464851541938604788

73 Dordric the Shield-Bearer (level 4, -9/60 HPs)
             Began as a Mountain Dwarf Fighter on Feb 24, 2024.
             Mangled by Sigmund
             ... wielding a +2 heavy scythe
              (13 damage)
             ... on level 3 of the Dungeon.
             The game lasted 00:01:53 (1694 turns).

Dordric the Shield-Bearer (Mountain Dwarf Fighter)  Turns: 1694, Time: 00:01:54

Health: -9/60      AC: 22    Str: 21    XL:     4   Next: 8%
Magic:  4/4        EV:  2    Int:  8    God:
Gold:   54         SH:  4    Dex:  9    Spells: 3/3 levels left

rFire   . . .        a - +0 flail
rCold   . . .        c - +0 buckler
rNeg    . . .        b - melded +0 scale mail
rPois   +            (helmet currently unavailable)
rElec   .            (cloak currently unavailable)
rCorr   .            (gloves currently unavailable)
SInv    .            (boots currently unavailable)
Will    .....        (no amulet)
Stlth   +            (no ring)
HPRegen 0.30/turn    (no ring)
MPRegen 0.09/turn

%: no passive effects
@: tree-form
A: stationary, stasis, torment immunity, boosted hp, runic magic, artefact
enchanting
a: no special abilities


You were on level 3 of the Dungeon.
You were a tree.
You visited 1 branch of the dungeon, and saw 3 of its levels.

You collected 54 gold pieces.

Inventory:

Hand Weapons
 a - a +0 flail (weapon)
Armour
 b - a +0 scale mail (melded)
 c - a +0 buckler (worn)
Jewellery
 i - an amulet of guardian spirit
Scrolls
 f - a scroll of enchant armour {unknown}
 g - 2 scrolls of noise {unknown}
 j - 2 scrolls of blinking {unknown}
 k - a scroll of poison {unknown}
 l - 3 scrolls of identify {unknown}
 m - a scroll of fear {unknown}
 o - a scroll of amnesia {unknown}
Potions
 d - a potion of might
 e - 2 potions of curing
 h - a potion of ambrosia {unknown}
 n - a potion of lignification
 p - a potion of resistance {unknown}
 q - a potion of heal wounds {unknown}


   Skills:
 + Level 3.9 Fighting
 + Level 3.4 Maces & Flails
 + Level 3.9 Armour
 + Level 3.9 Shields


You had 3 spell levels left.
You didn't know any spells.
Your spell library was empty.

Dungeon Overview and Level Annotations

Branches:
Dungeon (3/15)

Altars:

Shops:
D:1 [

Annotations:
D:3 Sigmund


Innate Abilities, Weirdness & Mutations

You are a tree.
Your roots penetrate the ground, keeping you stationary.
You cannot be teleported.
You are immune to unholy pain and torment.
Your maximum health is greatly increased.
Your equipment is partially melded.
Your spellcasting is much less encumbered by armour.
You can use scrolls of enchantment on lesser artefacts.


Message History

The frilled lizard bites you but does no damage.
You block Sigmund's attack.
You hit Sigmund but do no damage.
Sigmund is moderately wounded.
The frilled lizard bites you.
* * * LOW HITPOINT WARNING * * *
The frilled lizard bites you but does no damage.
You hit Sigmund.
Sigmund is heavily wounded.
Sigmund barely misses you. The frilled lizard barely misses you.
You barely miss Sigmund.
Sigmund is heavily wounded.
The frilled lizard completely misses you.
Sigmund closely misses you.
You closely miss Sigmund.
Sigmund is heavily wounded.
You block the frilled lizard's attack. x2
You sock Sigmund!
Sigmund is severely wounded.
Sigmund breathes a few words.
Sigmund's hands start flickering wildly.
Sigmund gestures at you while chanting. The magic dart hits you.
* * * LOW HITPOINT WARNING * * *
You block the frilled lizard's attack.
It was a potion of curing.
You feel better.
Sigmund laughs darkly.
Sigmund hits you with a +2 heavy scythe!
* * * LOW HITPOINT WARNING * * *
You block the frilled lizard's attack.
It was a potion of lignification.
You turn into a tree.
Your +0 scale mail melds into your body.
Your roots penetrate the ground.
The frilled lizard bites you but does no damage.
You closely miss Sigmund.
Sigmund is severely wounded.
The frilled lizard bites you but does no damage.
Sigmund hits you with a +2 heavy scythe!
You die...
Sigmund begins carving another notch in his scythe.

.. ....#
... ..#.#
.... #)#.#
#...###.#.#
#...l.#.#.#
#....#.##
+.......#
#.####@l#
#. #♣.# +
#.<# #.##
#.# #.# #.#
#+#


You could see Sigmund and a frilled lizard.

Vanquished Creatures
  Jessica (D:2)
  2 ribbon worms (D:2)
  2 ball pythons
  5 endoplasms
  6 giant cockroaches
  5 goblins
  4 hobgoblins
  A jackal (D:1)
  2 kobolds
  2 quokkas (D:2)
  2 bats
  4 frilled lizards
  2 rats
38 creatures vanquished.

Notes
Turn   | Place    | Note
-------+----------+-------------------------------------------
     0 | D:1      | Dordric the Mountain Dwarf Fighter began the quest for the
                  | Orb.
     0 | D:1      | Reached XP level 1. HP: 19/19 MP: 1/1
    24 | D:1      | Found Ytock's Antique Armour Boutique.
    55 | D:1      | Found a faded altar of an unknown god.
   223 | D:1      | Reached XP level 2. HP: 19/26 MP: 2/2
   786 | D:2      | Reached XP level 3. HP: 31/31 MP: 3/3
  1189 | D:2      | Noticed Jessica
  1192 | D:2      | Killed Jessica
  1193 | D:2      | Reached XP level 4. HP: 40/40 MP: 4/4
  1666 | D:3      | Noticed Sigmund
  1692 | D:3      | HP: 2/40 [Sigmund/+2 heavy scythe (7)]
  1694 | D:3      | Mangled by Sigmund

Illustrated notes

Levels and vault maps discovered:
D:1:      saegor_arrival_miasma, layout_basic, serial_shops, nicolae_shop_trees,
          ebering_ecumenical_altar_sacrificial, minmay_vboxes
D:2:      layout_loops_ring, minmay_fractal_squares_5, uniq_jessica
D:3:      layout_basic, minmay_misc_feat_nine_boxes, uniq_sigmund, uniq_robin

Skill      XL: |  1  2 |
---------------+-------+-----
Maces & Flails | 3 |  3.4
Fighting       | |  3.9
Armour         | |  3.9
Shields        | |  3.9

Action                     |  1- 3 |  4- 6 || total
---------------------------+-------+-------++-------
  Melee: Flail             |   112 |    33 ||   145
    Use: Potion            |       |     2 ||     2
 Armour: Scale mail        |    84 |    31 ||   115
         Skin              |       |     3 ||     3
  Dodge: Dodged            |    49 |    12 ||    61
  Block: Buckler           |    26 |     9 ||    35

Table legend: (Time is in decaauts)
 A = Elapsed time spent in this place.
 B = Non-inter-level travel time spent in this place.
 C = Inter-level travel time spent in this place.
 D = Time resting spent in this place.
 E = Time spent auto-exploring this place.
 F = Levels seen in this place.
 G = Mean time per level.
                   A        B        C        D        E       F      G
               +--------+--------+--------+--------+--------+-----+--------+
         Total |   1741 |   1694 |     47 |      0 |   1352 |   3 |  580.3 |
       Dungeon |   1741 |   1694 |     47 |      0 |   1352 |   3 |  580.3 |
               +--------+--------+--------+--------+--------+-----+--------+

Top non-repeatable levels by time:
     D:2: 972 daAuts
     D:1: 732 daAuts
     D:3: 37 daAuts
